 Dungeon Crawl Stone Soup version 0.28-a0-793-g31680bbd8b (webtiles) character file.

Game seed: 9365237197822678518

178 Essalna the Firebug (level 5, -5/28 HPs)
             Began as a Gargoyle Fire Elementalist on Nov 4, 2021.
             Killed from afar by Ijyb (33 damage)
             ... with a bolt of acid
             ... on level 4 of the Dungeon.
             The game lasted 00:07:05 (4932 turns).

Essalna the Firebug (Gargoyle Fire Elementalist)    Turns: 4932, Time: 00:07:06

Health: -5/28      AC:  6    Str: 12    XL:     5   Next: 58%
Magic:  0/10       EV: 11    Int: 16    God:
Gold:   124        SH:  0    Dex: 10    Spells: 3/10 levels left

rFire   + . .      SeeInvis .   i - +0 whip (venom)
rCold   . . .      Faith    .   (no shield)
rNeg    + . .      Spirit   .   a - +0 robe
rPois   ∞          Reflect  .   (no helmet)
rElec   +          Harm     .   (no cloak)
rCorr   .          Rampage  .   (no gloves)
Will    .....                   (no boots)
Stlth   ++........              (no amulet)
HPRegen 0.09/turn               l - ring of protection from fire
MPRegen 0.12/turn               (no ring)

@: no status effects
A: sickness immunity, AC +4, negative energy resistance 1, electricity
resistance, torment resistance 1, petrification resistance
a: no special abilities


You were on level 4 of the Dungeon.
You visited 1 branch of the dungeon, and saw 4 of its levels.

You collected 124 gold pieces.

Inventory:

Hand Weapons
 d - a +0 dagger
 f - a +1 dagger of draining
 i - a +0 whip of venom (weapon)
Armour
 a - a +0 robe (worn)
 k - a +0 leather armour of cold resistance
Jewellery
 l - a ring of protection from fire (left hand)
Scrolls
 b - 2 scrolls of immolation {unknown}
 e - 3 scrolls of identify {unknown}
 m - a scroll of silence {unknown}
Potions
 c - a potion of attraction {unknown}
 g - a potion of heal wounds {unknown}
 h - 2 potions of invisibility {unknown}
 j - 2 potions of curing {unknown}


   Skills:
 - Level 1.5 Dodging
 - Level 2.1 Stealth
 + Level 3.3 Spellcasting
 + Level 3.4 Conjurations
 + Level 4.2 Fire Magic


You had 3 spell levels left.
You knew the following spells:

 Your Spells              Type           Power      Damage    Failure   Level
a - Foxfire               Conj/Fire      56%        2x1d6     3%          1
b - Scorch                Fire           32%        2d6       4%          2
c - Flame Wave            Conj/Fire      14%        3d5       36%         4

Your spell library contained the following spells:

 Spells                   Type           Power      Damage    Failure   Level
 Conjure Flame            Conj/Fire      14%        6-21      12%         3
 Inner Flame              Hex/Fire       9%         N/A       22%         3
 Freezing Cloud           Conj/Ice/Air   3%         6-21      97%         5
 Simulacrum               Ice/Necr       1%         N/A       100%        6
 Polar Vortex             Ice            1%         N/A       100%        9


Dungeon Overview and Level Annotations

Branches:
Dungeon (4/15)
 Temple: D:4-7

Altars:
Nemelex Xobeh

Annotations:
D:4 Ijyb


Innate Abilities, Weirdness & Mutations

You are immune to sickness and miasma.
Your stone body is resilient. (AC +4)
You are immune to poison.
You resist negative energy. (rN+)
You are resistant to electric shocks. (rElec)
You are resistant to unholy torment.
You are immune to petrification.


Message History

An orc comes into view. It is wielding a +0 flail.
You conjure some foxfire!
The foxfire hits the orc.
The orc is heavily wounded.
The foxfire hits the orc but does no damage.
The orc is heavily wounded.
You conjure some foxfire!
The foxfire hits the orc.
You kill the orc!
The foxfire hits the ball python.
The ball python is severely wounded.
You conjure some foxfire!
The kobold throws a poisoned dart.
The poisoned dart closely misses you.
The poisoned dart barely misses your foxfire.
You conjure some foxfire!
The foxfire hits the ball python.
You kill the ball python!
Ijyb the Twisted Goblin comes into view.
She is wielding a +0 club and carrying a wand of acid (7).
The foxfire hits the kobold.
The kobold is severely wounded.
You conjure some foxfire!
The foxfire hits the kobold.
You kill the kobold!
You conjure some foxfire!
The foxfire hits Ijyb.
Ijyb is lightly wounded.
You conjure some foxfire!
The foxfire hits Ijyb.
Ijyb is lightly wounded.
The foxfire hits Ijyb.
Ijyb is moderately wounded.
You conjure some foxfire!
The foxfire hits Ijyb but does no damage.
Ijyb is moderately wounded.
The foxfire hits Ijyb but does no damage.
Ijyb is moderately wounded.
The foxfire hits Ijyb.
Ijyb is moderately wounded.
You are too depleted to draw on your mana recklessly!
The foxfire hits Ijyb but does no damage.
Ijyb is moderately wounded.
The foxfire hits Ijyb but does no damage.
Ijyb is moderately wounded.
Ijyb zaps a wand.
The bolt of acid hits you!!
Ouch! That really hurt!
You die...

.# #####.........#
.# ##.######## # .#
##.## .# .# #...#
##.# .# #...# ...
.# #..)# ####.# .#
#...###§§§.###.# .#
#......§§§v)g).#
.####
#.###'###@§#....
.#.......#.....#..#
.
.........#.....#.>#
.........#.._..#.##
...####..#.....#...
...# #..#.....#..##
#..# #..#######...
...# ..........
...#### ...


You could see Ijyb (ally target).

Vanquished Creatures
  An orc priest (D:3)
  5 adders
  2 worms
  3 dart slugs
  13 orcs
  7 ball pythons
  7 endoplasms
  7 goblins
  4 hobgoblins
  7 jackals
  A quokka (D:3)
  5 bats
  5 frilled lizards
  9 kobolds
  A rat (D:3)
77 creatures vanquished.

Vanquished Creatures (collateral kills)
  A foxfire (D:1)
1 creature vanquished.

Vanquished Creatures (others)
  242 foxfires
242 creatures vanquished.

Grand Total: 320 creatures vanquished

Notes
Turn   | Place    | Note
-------+----------+-------------------------------------------
     0 | D:1      | Essalna the Gargoyle Fire Elementalist began the quest for
                  | the Orb.
     0 | D:1      | Reached XP level 1. HP: 10/10 MP: 3/3
   180 | D:1      | Reached XP level 2. HP: 8/15 MP: 0/5
   556 | D:1      | Found a faded altar of an unknown god.
  1393 | D:2      | Reached XP level 3. HP: 19/19 MP: 1/6
  2275 | D:2      | Reached XP level 4. HP: 6/24 MP: 8/8
  2508 | D:2      | Learned a level 2 spell: Scorch
  3551 | D:3      | HP: 1/24 [orc (2)]
  4044 | D:3      | Reached skill level 4 in Fire Magic
  4044 | D:3      | Reached XP level 5. HP: 28/28 MP: 2/9
  4573 | D:4      | Learned a level 4 spell: Flame Wave
  4911 | D:4      | Found a sparkling altar of Nemelex Xobeh.
  4927 | D:4      | Noticed Ijyb
  4932 | D:4      | Killed from afar by Ijyb

Illustrated notes

Levels and vault maps discovered:
D:1:      lightli_arrival_lavapool, layout_loops_cross,
          shapermc_ecumenical_altar_ellora, minmay_pentomino_z2
D:2:      layout_loops_cross
D:3:      layout_loops_ring, grunt_ministairs_9, patterned_corridor
D:4:      layout_loops_cross, amcnicky_altar_gilded,
          minmay_temple_entry_statues_pillars, uniq_ijyb

Skill      XL: |  1  2  3  4 |
---------------+-------------+-----
Conjurations   | 2 3 |  3.4
Spellcasting   | 3 |  3.3
Fire Magic     | 4 |  4.2
Dodging        | |  1.5
Stealth        | |  2.1

Action                   |  1- 3 |  4- 6 || total
-------------------------+-------+-------++-------
Melee: Dagger            |    72 |       ||    72
       Unarmed           |     1 |       ||     1
       Whip              |       |    49 ||    49
 Cast: Foxfire           |    75 |    85 ||   160
 Stab: Distracted        |       |     1 ||     1
       Sleeping          |       |     1 ||     1
Armor: Robe              |    18 |    21 ||    39
Dodge: Dodged            |    39 |    39 ||    78

Table legend: (Time is in decaauts)
 A = Elapsed time spent in this place.
 B = Non-inter-level travel time spent in this place.
 C = Inter-level travel time spent in this place.
 D = Time resting spent in this place.
 E = Time spent auto-exploring this place.
 F = Levels seen in this place.
 G = Mean time per level.
                   A        B        C        D        E       F      G
               +--------+--------+--------+--------+--------+-----+--------+
         Total |   4934 |   4867 |     67 |      0 |   4199 |   4 | 1233.5 |
       Dungeon |   4934 |   4867 |     67 |      0 |   4199 |   4 | 1233.5 |
               +--------+--------+--------+--------+--------+-----+--------+

Top non-repeatable levels by time:
     D:3: 1740 daAuts
     D:2: 1405 daAuts
     D:1: 1386 daAuts
     D:4: 401 daAuts
